 Dungeon Crawl Stone Soup version 0.27-a0-1196-g3e9cee4cb2 (webtiles) character file.

Game seed: 16213677415592258670

406 bilbop the Covered (level 6, 0/56 HPs)
             Began as a Minotaur Fighter on May 29, 2021.
             Slain by an orc wizard
             ... wielding a +0 dagger
              (2 damage)
             ... on level 5 of the Dungeon.
             The game lasted 00:14:18 (3778 turns).

bilbop the Covered (Minotaur Fighter)               Turns: 3778, Time: 00:14:18

Health: 0/56       AC:  9    Str: 23    XL:     6   Next: 56%
Magic:  7/7        EV:  6    Int:  5    God:
Gold:   179        SH:  0    Dex:  9    Spells: 8/8 levels left

rFire    . . .     SeeInvis +   a - +0 flail
rCold    . . .     Faith    .   c - +0 kite shield
rNeg     . . .     Spirit   .   i - +0 chain mail
rPois    .         Reflect  +   (helmet restricted)
rElec    .         Harm     .   (no cloak)
rCorr    .         Rampage  .   (no gloves)
Will     .....                  (no boots)
Stlth    ..........             j - amulet of reflection
HPRegen  0.18/turn              g - ring of flight
MPRegen  0.10/turn              p - ring of see invisible

@: confused, flying
A: horns 2, retaliatory headbutt
a: no special abilities


You were on level 5 of the Dungeon.
You visited 1 branch of the dungeon, and saw 5 of its levels.

You collected 179 gold pieces.

Inventory:

Hand Weapons
 a - a +0 flail (weapon)
 b - a +0 hunting sling
Missiles
 v - 2 atropa-tipped darts (quivered)
 B - 5 sling bullets
Armour
 c - a +0 kite shield (worn)
 i - a +0 chain mail (worn)
 z - a +0 scale mail
Jewellery
 g - a ring of flight (left hand)
 j - an amulet of reflection (around neck)
 p - a ring of see invisible (right hand)
 s - a +6 ring of strength
 A - a ring of positive energy
Wands
 m - a wand of charming (3)
 y - a wand of flame (15)
Scrolls
 e - a scroll of enchant weapon {unknown}
 f - a scroll of torment {unknown}
 l - 7 scrolls of identify {unknown}
 o - 2 scrolls of enchant armour {unknown}
 u - 2 scrolls of teleportation {unknown}
 w - a scroll of magic mapping {unknown}
 x - a scroll of silence {unknown}
Potions
 d - 2 potions of might
 h - a potion of magic
 k - 2 potions of curing {unknown}
 n - a potion of flight {unknown}
 q - 2 potions of heal wounds {unknown}
 r - a potion of berserk rage {unknown}
 t - 3 potions of ambrosia


   Skills:
 + Level 5.1 Fighting
 + Level 4.1 Maces & Flails
 + Level 0.9 Slings
 + Level 5.1 Armour
 + Level 5.1 Shields
 + Level 1.7 Spellcasting


You had 8 spell levels left.
You didn't know any spells.
Your spell library was empty.

Dungeon Overview and Level Annotations

Branches:
Dungeon (5/15)
 Temple: D:4-7

Altars:

Shops:
D:4 :


Innate Abilities, Weirdness & Mutations

You have a pair of horns on your head.
You reflexively headbutt those who attack you in melee.


Message History

You barely miss the orc wizard.
The orc wizard is severely wounded.
You block the orc wizard's attack. The orc wizard closely misses you.
You furiously retaliate!
You headbutt the orc wizard! You miss the orc wizard.
You headbutt the orc wizard, but do no damage.
The orc wizard is almost dead.
You block the orc wizard's attack.
The orc wizard points at you and mumbles some strange words.
The puff of flame hits you.
The orc wizard hits you but does no damage.
The orc wizard hits you with a +0 dagger.
You closely miss the orc wizard.
The orc wizard is severely wounded.
The orc wizard hits you but does no damage.
The orc wizard casts a spell at you. The magic dart hits you!
* * * LOW HITPOINT WARNING * * *
You hit the orc wizard. Your headbutt misses the orc wizard.
The orc wizard is almost dead.
The orc wizard casts a spell at you.
You are confused.
The orc wizard hits you but does no damage. x3
Your chain mail prevents you from hitting the orc wizard.
The orc wizard is severely wounded.
The orc wizard hits you with a +0 dagger.
* * * LOW HITPOINT WARNING * * *
The orc wizard casts a spell at you. The puff of flame hits you.
* * * LOW HITPOINT WARNING * * *
The orc wizard hits you with a +0 dagger.
* * * LOW HITPOINT WARNING * * *
The orc wizard points at you and mumbles some strange words.
The magic dart hits you but does no damage.
Your chain mail prevents you from hitting the orc wizard.
The orc wizard is severely wounded.
The orc wizard hits you with a +0 dagger.
* * * LOW HITPOINT WARNING * * *
The orc wizard hits you with a +0 dagger.
You die...

###### #.@o.# .
###########..o.###....
#<........'....)......
###########....#######
######


You could see 2 orc wizards.

Vanquished Creatures
  A bullfrog (D:3)
  A scorpion (D:5)
  A howler monkey (D:4)
  A hound (D:5)
  An iguana (D:4)
  Terence (D:2)
  An orc wizard (D:5)
  A hound skeleton (D:4)
  Robin (D:4)
  2 adders (D:2)
  A white imp (D:4)
  2 dart slugs (D:2)
  A worm (D:3)
  2 orcs
  12 endoplasms
  4 giant cockroaches
  12 goblins
  5 hobgoblins
  5 jackals
  6 kobolds
  6 quokkas
  4 ball pythons
  3 bats (D:3)
  3 frilled lizards
  5 rats
82 creatures vanquished.

Vanquished Creatures (collateral kills)
  A goblin (D:4)
1 creature vanquished.

Vanquished Creatures (others)
  A goblin (D:4)
1 creature vanquished.

Grand Total: 84 creatures vanquished

Notes
Turn   | Place    | Note
-------+----------+-------------------------------------------
     0 | D:1      | bilbop the Minotaur Fighter began the quest for the Orb.
     0 | D:1      | Reached XP level 1. HP: 19/19 MP: 0/0
    14 | D:1      | Found a faded altar of an unknown god.
   224 | D:1      | Reached XP level 2. HP: 22/27 MP: 1/1
  1406 | D:2      | Noticed Terence
  1410 | D:2      | Killed Terence
  1411 | D:2      | Reached XP level 3. HP: 33/33 MP: 1/3
  1754 | D:2      | Reached XP level 4. HP: 40/40 MP: 4/4
  1771 | D:2      | Reached skill level 1 in Spellcasting
  2113 | D:3      | Noticed a bullfrog
  2121 | D:3      | Killed a bullfrog
  2122 | D:3      | Reached XP level 5. HP: 42/47 MP: 5/5
  2857 | D:4      | Found Diemovao's Book Shoppe.
  2999 | D:4      | Noticed Robin
  3015 | D:4      | Killed Robin
  3020 | D:4      | Reached XP level 6. HP: 14/55 MP: 7/7
  3577 | D:4      | Reached skill level 5 in Armour
  3722 | D:5      | Entered Level 5 of the Dungeon
  3752 | D:5      | Reached skill level 5 in Fighting
  3752 | D:5      | Reached skill level 5 in Shields
  3778 | D:5      | HP: 2/56 [orc wizard/+0 dagger (2)]
  3778 | D:5      | Slain by an orc wizard

Illustrated notes

Levels and vault maps discovered:
D:1:      lemuel_arrival_behind_the_door_small, layout_basic,
          hellmonk_ecumenical_altar_blasted
D:2:      layout_basic, uniq_terence
D:3:      layout_basic, corexii_corridor_pit, hangedman_decor_clover_reticule,
          minmay_close_crescents
D:4:      layout_basic, serial_shops, shop, uniq_robin
D:5:      layout_basic

Skill      XL: |  1  2  3  4  5  6 |
---------------+-------------------+-----
Fighting       | 4 5 |  5.1
Maces & Flails | 3 4 |  4.1
Armour         | 4 5 |  5.1
Shields        | 4 5 |  5.1
Spellcasting   | 1 |  1.7
Slings         | |  0.9

Action                   |  1- 3 |  4- 6 || total
-------------------------+-------+-------++-------
Melee: Flail             |    76 |   158 ||   234
       Headbutt          |    15 |    20 ||    35
 Fire: Hunting sling     |       |     8 ||     8
Evoke: Wand              |       |     2 ||     2
  Use: Potion            |     3 |       ||     3
Armor: Scale mail        |    27 |       ||    27
       Chain mail        |    14 |    84 ||    98
Dodge: Dodged            |    30 |    43 ||    73
Block: Kite shield       |    36 |   147 ||   183
       Reflection        |       |     1 ||     1

Table legend: (Time is in decaauts)
 A = Elapsed time spent in this place.
 B = Non-inter-level travel time spent in this place.
 C = Inter-level travel time spent in this place.
 D = Time resting spent in this place.
 E = Time spent auto-exploring this place.
 F = Levels seen in this place.
 G = Mean time per level.
                   A        B        C        D        E       F      G
               +--------+--------+--------+--------+--------+-----+--------+
         Total |   3880 |   3726 |    154 |    451 |   2651 |   5 |  776.0 |
       Dungeon |   3880 |   3726 |    154 |    451 |   2651 |   5 |  776.0 |
               +--------+--------+--------+--------+--------+-----+--------+

Top non-repeatable levels by time:
     D:1: 1424 daAuts
     D:4: 1079 daAuts
     D:3: 699 daAuts
     D:2: 608 daAuts
     D:5: 68 daAuts
